 Dungeon Crawl Stone Soup version 0.28.0-53-g5a82cb258f (webtiles) character file.

Game seed: 11055624826093436867

74 dranuc9 the Conjurer (level 4, 0/24 HPs)
             Began as a Deep Elf Conjurer on June 30, 2022.
             Succumbed to Crazy Yiuf's poison
             ... on level 1 of the Dungeon.
             The game lasted 00:14:06 (2403 turns).

dranuc9 the Conjurer (Deep Elf Conjurer)            Turns: 2403, Time: 00:14:07

Health: 0/24       AC:  4    Str:  4    XL:     4   Next: 10%
Magic:  11/11      EV: 12    Int: 25    God:
Gold:   90         SH:  0    Dex: 13    Spells: 7/10 levels left

rFire   . . .      SeeInvis .   j - +0 dagger
rCold   . . .      Faith    .   (no shield)
rNeg    . . .      Spirit   .   a - +0 robe
rPois   .          Reflect  .   (no helmet)
rElec   .          Harm     .   h - +0 cloak
rCorr   .          Rampage  .   d - +0 pair of gloves
Will    .....                   (no boots)
Stlth   ++........              (no amulet)
HPRegen 0.08/turn               c - +4 ring of slaying
MPRegen 0.12/turn               (no ring)

@: lethally poisoned (0 -> -8)
A: no striking features
a: no special abilities


You were on level 1 of the Dungeon.
You visited 1 branch of the dungeon, and saw 2 of its levels.

You collected 90 gold pieces.

Inventory:

Hand Weapons
 j - a +0 dagger (weapon)
 l - a +0 dagger of venom
Missiles
 i - 26 arrows
Armour
 a - a +0 robe (worn)
 d - a +0 pair of gloves (worn)
 h - a +0 cloak (worn)
Jewellery
 c - a +4 ring of slaying (left hand)
Wands
 k - a wand of flame (16)
Scrolls
 b - 2 scrolls of identify {unknown}
 g - a scroll of blinking {unknown}
Potions
 e - a potion of curing {unknown}
 f - a potion of flight {unknown}


   Skills:
 + Level 2.6 Dodging
 + Level 2.7 Stealth
 + Level 3.8 Spellcasting
 + Level 5.7 Conjurations


You had 7 spell levels left.
You knew the following spells:

 Your Spells              Type           Power      Damage    Failure   Level
a - Magic Dart            Conj           100%       1d8       1%          1
b - Searing Ray           Conj           66%        2d6       1%          2

Your spell library contained the following spells:

 Spells                   Type           Power      Damage    Failure   Level
 Dazzling Flash           Conj/Hex       38%        N/A       9%          3
 Fulminant Prism          Conj/Hex       9%         3d7       28%         4
 Iskenderun's Mystic Bla  Conj/Tloc      19%        2d6       28%         4


Dungeon Overview and Level Annotations

Branches:
Dungeon (2/15)

Altars:

Annotations:
D:1 Crazy Yiuf


Message History

Crazy Yiuf hits you with a +4 quarterstaff of chaos!
Crazy Yiuf burns you.
You climb upwards.
There is a stone staircase leading down here.
There is a stone staircase leading down here.
Crazy Yiuf says, "I'm not crazy!"
There is an open door here.
Crazy Yiuf grits, "Fire eyeball sing!"
There is an open door here.
Crazy Yiuf yells, "Ten meccalolo noodlescoop!"
Crazy Yiuf says, "Trifle!
Tosser rumpyflump snail."
Crazy Yiuf flaps his cloak.
Crazy Yiuf screams, "Sif Muna ladder cloud!"
Crazy Yiuf screams, "Ice!"
There is an open door here.
Crazy Yiuf flaps his cloak.
As you open the door, it creaks loudly!
There is an open door here.
Crazy Yiuf says, "Whiteboard!
Papa bag noodlescoop."
Crazy Yiuf says, "Papa!
Dawk poople toodlewoodle."
Crazy Yiuf grits, "Blight!"
Crazy Yiuf laughs, "Pitchfork fast ladder!"
Crazy Yiuf cries, "Gum!
Iron hand eyeball."
Crazy Yiuf whimpers, "Mama shrimp sing!"
Crazy Yiuf yells, "Nubble!"
Crazy Yiuf cries, "Prologue agre Hive!"
Crazy Yiuf screams, "Buddy sing unthinkable!"
There is an open door here.
Crazy Yiuf yells, "Gum!
Sif Muna tortoise pizzabubble."
Crazy Yiuf whimpers, "Gnoll light sanguine!"
There is an open door here.
Crazy Yiuf hits you with a +4 quarterstaff of chaos!
You are lethally poisoned!
* * * LOW HITPOINT WARNING * * *
You feel very sick.
* * * LOW HITPOINT WARNING * * *
You feel very sick.
* * * LOW HITPOINT WARNING * * *
You feel sick.
You die...

#.....# ##.## ##.
#.#.#.# #.# #. #.#.#.#
#.# #. #.#.#.# ##+## #.
#.#.#.# ##...## #.
#.....# ##.....###.
###.#.## ##.......###
#....####.........##
####..@.g..'.........'.
#.......####.........##
#.##.#.## ##.......##
#.##.#.# ##.....##
#.#....# ##...##
#.#.#..# ##'## #>#....#
#.# #.##.#.# #.#
#......# ##.##


You could see Crazy Yiuf.

Vanquished Creatures
  Robin (D:2)
  An adder (D:2)
  2 ball pythons
  3 endoplasms
  3 giant cockroaches
  12 goblins
  11 hobgoblins
  A jackal (D:2)
  4 quokkas
  4 bats
  4 frilled lizards
  2 rats (D:2)
48 creatures vanquished.

Notes
Turn   | Place    | Note
-------+----------+-------------------------------------------
     0 | D:1      | dranuc9 the Deep Elf Conjurer began the quest for the Orb.
     0 | D:1      | Reached XP level 1. HP: 10/10 MP: 6/6
   299 | D:1      | Reached XP level 2. HP: 15/15 MP: 5/8
   302 | D:1      | Learned a level 2 spell: Searing Ray
   665 | D:1      | Reached skill level 5 in Conjurations
  1331 | D:2      | Reached XP level 3. HP: 19/19 MP: 5/9
  1377 | D:2      | Noticed Robin
  1387 | D:2      | Killed Robin
  1855 | D:2      | Found a runed translucent door.
  1856 | D:2      | Noticed Crazy Yiuf
  1997 | D:2      | Reached XP level 4. HP: 24/24 MP: 5/11
  2403 | D:1      | Succumbed to Crazy Yiuf's poison

Illustrated notes

Levels and vault maps discovered:
D:1:      dpeg_arrival_three_same_balls, layout_loops_corners
D:2:      layout_loops_ring, uniq_crazy_yiuf_cottage, uniq_robin

Skill      XL: |  1  2 |
---------------+-------+-----
Conjurations   | 5 |  5.7
Dodging        | |  2.6
Stealth        | |  2.7
Spellcasting   | |  3.8

Action                   |  1- 3 |  4- 6 || total
-------------------------+-------+-------++-------
 Cast: Magic Dart        |    89 |     3 ||    92
       Searing Ray       |     2 |       ||     2
Armor: Robe              |     3 |       ||     3
Dodge: Dodged            |     6 |       ||     6
